 Dungeon Crawl Stone Soup version 0.32-a0-913-g739538afd8 (webtiles) character file.

Game seed: 12998323185406932575

10014 ezpacito the Trooper (level 11, -8/83 (86) HPs)
             Began as a Coglin Chaos Knight on Apr 9, 2024.
             Was a Plaything of Xom.
             Mangled by a fire elemental (11 damage)
             ... summoned by a deep elf pyromancer
             ... on level 11 of the Dungeon.
             The game lasted 00:14:05 (10729 turns).

ezpacito the Trooper (Coglin Chaos Knight)         Turns: 10729, Time: 00:14:05

HP:   -8/83 (86)    AC: 21    Str: 13 (17) XL:     11   Next: 55%
MP:   16/16         EV:  4    Int: 11 (12) God:    Xom [......]
Gold: 456           SH:  0    Dex: 12 (13) Spells: 17/17 levels left

rFire   . . .        a - +0 hand axe (chaos) {Citlalmina}
rCold   . . .        A - +2 demon trident (vamp) {Hua}
rNeg    . . .        q - +6 plate armour of Unweocuyto {Dex+2}
rPois   .            r - +2 hat
rElec   .            j - +2 cloak
rCorr   .            u - +0 pair of gloves
SInv    .            x - +0 pair of boots
Will    .....        (amulet unavailable) Stlth
                     (ring unavailable)
HPRegen 0.33/turn    (ring unavailable)
MPRegen 0.15/turn    (no gizmo)

%: random rage (9%)
@: about to teleport, lightly drained, revved
A: off-hand wielding, slow wielding, warmup strikes, no jewellery, berserk 2,
clumsy 1, deformed body, deterioration 1
a: Invent Gizmo, Renounce Religion


You were on level 11 of the Dungeon.
You worshipped Xom.
You were a very special plaything of Xom.
You visited 2 branches of the dungeon, and saw 12 of its levels.

You collected 580 gold pieces.
You spent 124 gold pieces at shops.

Inventory:

Hand Weapons
 a - a +0 hand axe of chaos (weapon) {Citlalmina}
 y - a +0 war axe
 A - a +2 vampiric demon trident (offhand) {Hua}
 E - a +0 shortbow
 I - a +2 hand axe of electrocution
Missiles
 g - 14 boomerangs (quivered)
 s - 3 javelins
 B - 60 poisoned darts
Armour
 j - a +2 cloak (worn)
 p - a +0 helmet
 q - the +6 plate armour of Unweocuyto (worn) {Dex+2}
   (You found it on level 2 of the Dungeon)

   Dex+2:     It affects your dexterity (+2).
 r - a +2 hat (worn)
 u - a +0 pair of gloves (worn)
 x - a +0 pair of boots (worn)
Talismans
 n - a maw talisman
Wands
 i - a wand of mindburst (2)
 m - a wand of roots (10)
 o - a wand of polymorph (13)
 z - a wand of flame (12)
Scrolls
 e - 5 scrolls of vulnerability
 f - 2 scrolls of amnesia
 w - a scroll of noise
 D - 2 scrolls of revelation
 G - 2 scrolls of enchant armour
Potions
 b - 2 potions of magic
 c - 4 potions of lignification
 d - a potion of might
 h - 3 potions of haste
 k - 3 potions of ambrosia
 l - 2 potions of enlightenment
 C - a potion of brilliance


   Skills:
 * Level 7.9 Fighting
 * Level 7.8(9.1) Axes
 * Level 6.3(7.9) Polearms
 * Level 6.7 Armour
 * Level 6.4 Dodging
 + Level 4.1 Stealth
 + Level 3.7 Spellcasting
 + Level 5.8 Evocations


You had 17 spell levels left.
You didn't know any spells.
Your spell library contained the following spells:

 Spells                   Type           Power      Damage    Failure   Level
 Static Discharge         Conj/Air       4%         3-4/arc   100%        2
 Inner Flame              Hex/Fire       2%         N/A       100%        3
 Airstrike                Air            1%         2d(1-17)  100%        4
 Summon Lightning Spire   Summ/Air       2%         N/A       100%        4
 Irradiate                Conj/Alch      1%         3d12      100%        5
 Ignition                 Fire           1%         3d3       100%        8


Dungeon Overview and Level Annotations

Branches:
Dungeon (11/15)            Temple (1/1) D:4            Lair (0/5) D:10
    Orc: D:9-12

Altars:
Ashenzari
Cheibriados
Dithmenos
Elyvilon
Fedhas
Gozag
Hepliaklqana
Kikubaaqudgha
Makhleb
Nemelex Xobeh
Okawaru
Qazlal
Ru
Sif Muna
Trog
Uskayaw
Vehumet
Wu Jian
Xom
Yredelemnul
Zin
The Shining One

Shops:
D:4 (   D:7 (


Innate Abilities, Weirdness & Mutations

You can wield a second weapon in your off-hand.
It takes a long time for you to wield or remove held weapons.
Your first few attacks do less damage.
You cannot equip rings or amulets.
You have an uncontrollable temper.
You are clumsy. (Dex -2)
Armour fits poorly on your strangely shaped body.
Your body sometimes deteriorates upon taking damage.


Message History

You hear a bellow!
The fire elemental barely misses you.
You regained 3 hp, and now have 55/83 hp.
The fire elemental hits you. The fire elemental burns you!
A yak comes into view.
Things that are here:
5 large rocks; a cyclops corpse You take 11 damage, and have 44/83 hp.
You hit the yak with your +2 vampiric demon trident.
You feel better.
The yak is lightly wounded.
You hit the yak but do no damage.
You hit the fire elemental but do no damage.
The fire elemental seems to speed up.
The fire elemental hits you. The fire elemental burns you!
The yak gores you but does no damage. The fire elemental hits you.
The fire elemental burns you!
You take 19 damage, and have 25/83 hp.
MASSIVE DAMAGE!!
You hit the yak with your +0 hand axe of chaos.
The yak seems to grow stronger.
The yak is lightly wounded.
You hit the yak but do no damage.
You hit the fire elemental with your +0 hand axe of chaos.
Nothing appears to happen.
You hit the yak with your +2 vampiric demon trident.
You feel better. The fire elemental hits you. The fire elemental burns you!
* * * LOW HITPOINT WARNING * * *
The yak gores you but does no damage. The fire elemental hits you.
The fire elemental burns you!
* * * LOW HITPOINT WARNING * * *
You take 11 damage, and have 14/83 hp.
Okay, then.
As you read the scroll of teleportation, it crumbles to dust.
You feel strangely unstable. The fire elemental hits you.
The fire elemental burns you!
* * * LOW HITPOINT WARNING * * *
Your body deteriorates!
You feel weakened.
The yak gores you but does no damage. x2; The fire elemental hits you.
The fire elemental burns you!
You die...
Xom guffaws!

..........# #..#
............# #..#
............# #..#
............# #..#
............# #..#
............# #..#
.>..........###..#
....e.YYE........#
......Y@.........#
.....#####.......#
.... #.#####.# .
#.# .# #.# .# #.#
.# #.# .#


You could see a deep elf pyromancer, 3 yaks and a fire elemental (summoned,
fast).

Vanquished Creatures
  A harpy (shapeshifter) (D:9)
  Pikel (D:4)
  An oklob plant (D:6)
  A faun (D:10)
  An ugly thing (D:9)
  A cyclops (D:11)
  A kobold demonologist (D:9)
  An unseen horror (D:11)
  A komodo dragon (D:10)
  A queen bee (shapeshifter) (D:9)
  A troll (D:9)
  A hornet (D:9)
  2 shadows
  A basilisk (D:10)
  5 wyverns
  A steam dragon (D:8)
  5 yaks (D:9)
  3 vampire mosquitoes (D:10)
  A water moccasin (D:6)
  2 orc warriors (D:10)
  A black bear (D:7)
  2 ice beasts (D:5)
  5 centaurs
  An ogre (D:6)
  A phantom (D:5)
  2 kobold brigands (D:6)
  Blork the orc (D:5)
  2 bullfrogs
  4 scorpions
  9 wights
  9 killer bees
  A howler monkey (D:9)
  A bombardier beetle (D:5)
  5 hounds
  Crazy Yiuf (D:2)
  4 orc priests
  5 jellies
  Natasha (thrice) (D:3)
  5 iguanas
  7 orc wizards
  Ijyb (D:3)
  Robin (D:3)
  3 gnolls (D:5)
  12 adders
  5 shadow imps
  2 white imps
  2 ribbon worms
  28 orcs
  2 endoplasms (D:1)
  2 giant cockroaches
  6 goblins
  11 hobgoblins
  9 jackals
  18 kobolds
  2 quokkas (D:3)
  6 ball pythons
  5 bats
  6 frilled lizards
  3 rats
225 creatures vanquished.

Vanquished Creatures (collateral kills)
  2 killer bees (D:10)
  A kobold (D:6)
3 creatures vanquished.

Vanquished Creatures (others)
  A wyvern (D:10)
  An acid dragon (D:10)
  A kobold brigand (D:10)
  2 kobolds (D:10)
5 creatures vanquished.

Grand Total: 233 creatures vanquished

Notes
Turn   | Place    | Note
-------+----------+-------------------------------------------
     0 | D:1      | ezpacito the Coglin Chaos Knight began the quest for the
                  | Orb.
     0 | D:1      | Reached XP level 1. HP: 18/18 MP: 1/1
   202 | D:1      | Reached skill level 1 in Dodging
   254 | D:1      | Reached XP level 2. HP: 24/24 MP: 2/2
   305 | D:1      | XOM: silly message
   683 | D:1      | XOM: noise
   742 | D:1      | XOM: cloud trail
   918 | D:1      | Reached XP level 3. HP: 21/29 MP: 3/3
   939 | D:1      | XOM: give mutation
   939 | D:1      | Gained mutation: You have a somewhat thin skeletal
                  | structure. (Dex +2, Stealth+) [Xom's mischief]
   974 | D:2      | Identified the +6 plate armour of Unweocuyto {Dex+2}
  1030 | D:2      | Reached XP level 4. HP: 35/35 MP: 4/4
  1049 | D:2      | Found a runed translucent door.
  1049 | D:2      | Noticed Crazy Yiuf
  1049 | D:2      | XOM: 3-stop teleportation journey
  1060 | D:2      | Killed Crazy Yiuf
  1061 | D:2      | Reached skill level 1 in Polearms
  1158 | D:2      | Found a radiant altar of Vehumet.
  1307 | D:2      | Reached skill level 1 in Stealth
  1619 | D:3      | Noticed Ijyb
  1630 | D:3      | Killed Ijyb
  1631 | D:3      | Reached XP level 5. HP: 42/42 MP: 4/6
  1679 | D:3      | Noticed Robin
  1692 | D:3      | Killed Robin
  1905 | D:3      | Noticed Natasha
  1915 | D:3      | Killed Natasha
  1916 | D:3      | Reached skill level 1 in Spellcasting
  2029 | D:3      | XOM: give mutations
  2029 | D:3      | Gained mutation: Armour fits poorly on your strangely
                  | shaped body. [Xom's mischief]
  2029 | D:3      | Lost mutation: You have a somewhat thin skeletal structure.
                  | (Dex +2, Stealth+) [Xom's mischief]
  2066 | D:3      | XOM: god gift: 57 gold pieces
  2110 | D:3      | Noticed Natasha
  2113 | D:3      | Killed Natasha
  2114 | D:3      | Reached XP level 6. HP: 45/48 MP: 7/7
  2598 | D:3      | XOM: silly message
  2601 | D:3      | XOM: give mutation
  2601 | D:3      | Gained mutation: You sometimes lose your temper in combat.
                  | [Xom's mischief]
  2615 | D:3      | Noticed Natasha
  2619 | D:3      | Killed Natasha
  2677 | D:4      | XOM: blink monster(s)
  2734 | D:4      | Reached skill level 1 in Evocations
  2877 | D:4      | Found Xemosof's Weapon Boutique.
  3006 | D:4      | Bought 4 poisoned darts for 28 gold pieces
  3006 | D:4      | Bought 4 boomerangs for 96 gold pieces
  3094 | D:4      | Noticed Pikel
  3111 | D:4      | XOM: summons 6 friendly demons
  3130 | D:4      | Killed Pikel
  3131 | D:4      | Reached XP level 7. HP: 55/55 MP: 7/9
  3362 | D:4      | Found a staircase to the Ecumenical Temple.
  3382 | Temple   | Entered the Ecumenical Temple
  3562 | D:4      | XOM: cloud trail
  3650 | D:5      | Entered Level 5 of the Dungeon
  3729 | D:5      | Reached XP level 8. HP: 61/61 MP: 10/10
  3754 | D:5      | Found a broken altar of Ashenzari.
  3754 | D:5      | Noticed Blork the orc
  3762 | D:5      | Killed Blork the orc
  3775 | D:5      | XOM: smoke on damage
  4133 | D:5      | Reached skill level 5 in Fighting
  4345 | D:5      | Reached skill level 5 in Axes
  4455 | D:5      | XOM: summons 4 hostile demons
  4645 | D:5      | Identified a scroll of acquirement
  4645 | D:5      | Acquired a +2 vampiric demon trident
  4832 | D:6      | Reached XP level 9. HP: 68/68 MP: 12/12
  4929 | D:6      | Found a blossoming altar of Fedhas.
  4940 | D:6      | Noticed an oklob plant
  4953 | D:6      | XOM: smoke on damage
  5336 | D:6      | XOM: potion effect (might)
  5354 | D:6      | XOM: silly message
  5471 | D:6      | Found a shimmering altar of Xom.
  5968 | D:6      | XOM: butterfly on damage
  5976 | D:6      | Killed an oklob plant
  6249 | D:7      | Found Raweit's Weapon Boutique.
  6314 | D:7      | Reached skill level 5 in Armour
  6515 | D:7      | XOM: noise
  6540 | D:7      | Found a sparkling altar of Nemelex Xobeh.
  7165 | D:8      | Found a shimmering blue altar of Sif Muna.
  7206 | D:8      | Reached skill level 5 in Dodging
  7206 | D:8      | Reached XP level 10. HP: 74/77 MP: 14/14
  7212 | D:8      | XOM: 1-stop teleportation journey
  7272 | D:8      | XOM: potion effect (haste)
  7277 | D:8      | XOM: cast spell 'Leda's Liquefaction'
  7448 | D:8      | XOM: 3-stop teleportation journey
  7619 | D:8      | XOM: give mutations
  7619 | D:8      | Gained mutation: Your flesh is cold resistant. (rC+) [Xom's
                  | grace]
  7619 | D:8      | Gained mutation: Your mind is acute. (Int +4, Str/Dex -1)
                  | [Xom's grace]
  7619 | D:8      | Gained mutation: Your mind is very acute. (Int +8, Str/Dex
                  | -2) [Xom's grace]
  7844 | D:9      | XOM: potion effect (might)
  7850 | D:9      | XOM: silly message
  7861 | D:9      | XOM: confuse monster(s)
  7867 | D:9      | Reached skill level 5 in Polearms
  7873 | D:9      | Noticed a harpy
  7875 | D:9      | Noticed a kobold demonologist
  7878 | D:9      | Killed a harpy
  7886 | D:9      | Killed a kobold demonologist
  7892 | D:9      | Noticed a red ugly thing
  7905 | D:9      | Killed a red ugly thing
  7906 | D:9      | Reached skill level 5 in Evocations
  8291 | D:9      | Found a sacrificial altar of Ru.
  8298 | D:9      | Found a white marble altar of Elyvilon.
  8346 | D:9      | Reached XP level 11. HP: 84/84 MP: 14/16
  8707 | D:10     | Entered Level 10 of the Dungeon
  8727 | D:10     | XOM: give mutation
  8727 | D:10     | Lost mutation: Your flesh is cold resistant. (rC+) [Xom's
                  | mischief]
  8838 | D:10     | XOM: cast spell 'Dispersal'
  8843 | D:10     | XOM: noise
  8983 | D:10     | XOM: summons friendly crimson imp
  8984 | D:10     | XOM: swap monsters
  8988 | D:10     | XOM: divine lightning
  9000 | D:10     | XOM: chaos cloud
  9204 | D:10     | XOM: torment (41/84 hp)
  9354 | D:10     | Found a staircase to the Lair.
  9465 | D:10     | XOM: give mutations
  9465 | D:10     | Gained mutation: Your body sometimes deteriorates upon
                  | taking damage. [Xom's mischief]
  9465 | D:10     | Lost mutation: Your mind is very acute. (Int +8, Str/Dex
                  | -2) [Xom's mischief]
  9529 | D:10     | Noticed a tengu warrior
  9539 | D:10     | Noticed a green ugly thing
  9539 | D:10     | Noticed a fire dragon
  9539 | D:10     | Noticed a cyclops
  9540 | D:10     | Noticed a cyclops
  9549 | D:10     | Noticed a deep elf pyromancer
  9550 | D:10     | Noticed a manticore
  9902 | D:10     | Found a stormy altar of Qazlal.
 10117 | D:10     | Noticed a two-headed ogre
 10121 | D:10     | XOM: confusion
 10130 | D:10     | a two-headed ogre changed into a faun
 10130 | D:10     | Noticed a faun
 10130 | D:10     | XOM: polymorph two-headed ogre -> faun
 10132 | D:10     | Killed a faun
 10152 | D:10     | XOM: give mutations
 10152 | D:10     | Gained mutation: You have an uncontrollable temper. [Xom's
                  | mischief]
 10152 | D:10     | Lost mutation: Your mind is acute. (Int +4, Str/Dex -1)
                  | [Xom's mischief]
 10152 | D:10     | Gained mutation: You are clumsy. (Dex -2) [Xom's mischief]
 10363 | D:10     | XOM: draining
 10393 | D:10     | XOM: silly message
 10709 | D:11     | Noticed a deep elf pyromancer
 10713 | D:11     | Noticed a cyclops
 10725 | D:11     | Killed a cyclops
 10729 | D:11     | HP: 3/83 [fire elemental[a deep elf pyromancer] (11)]
 10729 | D:11     | Mangled by a fire elemental

Illustrated notes

Levels and vault maps discovered:
D:1:      dpeg_arrival_short_road, layout_loops_corners
D:2:      layout_rooms, basic_altar, uniq_crazy_yiuf_cottage
D:3:      layout_loops_ring, serial_aquarium, aquarium_bridge_straight
          [aquarium_subvault_bridge, aquarium_subvault_wall,
          aquarium_subvault_bridge, aquarium_subvault_window],
          aquarium_window_2, aquarium_window_corner, aquarium_window_1,
          aquarium_view_2c, aquarium_view_2e, aquarium_balcony_double_4,
          aquarium_pool_side, uniq_natasha, uniq_ijyb, uniq_robin
D:4:      layout_basic, minmay_temple_entry_waves, serial_shops,
          nicolae_shop_hallway_stairs, uniq_pikel
D:5:      layout_loops_ring, evilmike_ruin_ashenzari, uniq_blork_the_orc
D:6:      layout_loops_corners, xom_teletrap_fun, tgw_fedhas
D:7:      layout_cave_pods, mainiacjoe_overflow_small_starburst, serial_shops,
          nicolae_square_shop, minmay_hedge_maze, nicolae_houndstooth_variations
D:8:      layout_gridville, old_standard_altar
D:9:      layout_gridville, amethyst_overflow_temple_binary,
          hangedman_minor_gate_pass
D:10:     layout_loops_ring, mainiacjoe_overflow_24_doors, erik_lair_dragon,
          minivault_12
D:11:     gammafunk_corrupted_shrine, layout_long_grid, kennysheep_nub
Temple:   nicolae_temple_ecumenical_triangle

Skill      XL: |  1  2  3  4  5  6  7  8  9 10 11 |
---------------+----------------------------------+-----
Dodging        | 1 2 3 4 5 6 |  6.4
Armour         | 2 3 4 5 6 |  6.7
Polearms       | 1 2 3 4 5 6 |  6.3
Stealth        | 1 2 3 4 |  4.1
Spellcasting   | 1 2 3 |  3.7
Evocations     | 2 3 4 5 |  5.8
Fighting       | 4 5 6 7 |  7.9
Axes           | 4 5 6 7 |  7.8

Action                     |  1- 3 |  4- 6 |  7- 9 | 10-12 || total
---------------------------+-------+-------+-------+-------++-------
  Melee: Hand axe          |    48 |   109 |   195 |   178 ||   530
         Dagger            |    45 |    72 |       |       ||   117
         Short sword       |       |    37 |       |       ||    37
         Whip              |       |       |    78 |       ||    78
         Demon trident     |       |       |   149 |   212 ||   361
  Evoke: Wand              |       |       |       |     4 ||     4
    Use: Scroll            |     1 |     6 |     6 |     3 ||    16
         Potion            |       |       |     1 |     9 ||    10
   Stab: Sleeping          |     1 |       |       |       ||     1
         Confused          |       |     2 |       |     2 ||     4
         Paralysed         |       |       |     3 |       ||     3
         Held in net/web   |       |       |     1 |       ||     1
         Petrifying        |       |       |     3 |       ||     3
 Armour: Leather armour    |    22 |       |       |       ||    22
         Plate armour      |    13 |   169 |   197 |   296 ||   675
  Dodge: Dodged            |    38 |    24 |    37 |    44 ||   143

Table legend: (Time is in decaauts)
 A = Elapsed time spent in this place.
 B = Non-inter-level travel time spent in this place.
 C = Inter-level travel time spent in this place.
 D = Time resting spent in this place.
 E = Time spent auto-exploring this place.
 F = Levels seen in this place.
 G = Mean time per level.
                   A        B        C        D        E       F      G
               +--------+--------+--------+--------+--------+-----+--------+
         Total |  10937 |  10295 |    642 |    356 |   8086 |  12 |  911.4 |
       Dungeon |  10936 |  10295 |    641 |    356 |   8086 |  11 |  994.2 |
        Temple |      1 |      1 |      0 |      0 |      0 |   1 |    1.0 |
               +--------+--------+--------+--------+--------+-----+--------+

Top non-repeatable levels by time:
    D:10: 1850 daAuts
     D:6: 1522 daAuts
     D:3: 1224 daAuts
     D:5: 1129 daAuts
     D:4: 983 daAuts
     D:7: 943 daAuts
     D:1: 924 daAuts
     D:9: 921 daAuts
     D:8: 686 daAuts
     D:2: 532 daAuts
    D:11: 217 daAuts
  Temple: 1 daAuts
